 Dungeon Crawl Stone Soup version 0.30-a0-900-g23479c02f2 (webtiles) character file.

Game seed: 9695292220778833805

515 Jeffwins the Covered (level 7, 0/42 (46) HPs)
             Began as a Human Wanderer on Mar 19, 2023.
             Slain by a wight
             ... wielding a +0 falchion
              (1 damage)
             ... on level 4 of the Dungeon.
             The game lasted 00:05:57 (3930 turns).

Jeffwins the Covered (Human Wanderer)               Turns: 3930, Time: 00:05:57

HP:   0/42 (46)     AC:  9    Str: 12 (15) XL:     7   Next: 44%
MP:   11/11         EV: 10    Int: 11 (12) God:
Gold: 153           SH:  0    Dex:  9 (12) Spells: 7/11 levels left

rFire   + . .      SeeInvis +    h - +0 sling
rCold   . . .      Faith    .    (no shield)
rNeg    . . .      Spirit   .    t - +2 ring mail {rF+}
rPois   .          Reflect  .    (no helmet)
rElec   .          Rampage  .    (no cloak)
rCorr   .                        (no gloves)
Will    .....                    d - +0 pair of boots
Stlth   +                        (no amulet)
HPRegen 0.27/turn                v - ring of see invisible
MPRegen 0.12/turn                (no ring)

@: attractive, flying, drained
A: no striking features
a: no special abilities


You were on level 4 of the Dungeon.
You visited 1 branch of the dungeon, and saw 4 of its levels.

You collected 153 gold pieces.


   Skills:
 * Level 2.7 Ranged Weapons
 - Level 5.0 Armour
 + Level 1.9 Stealth
 * Level 2.9 Spellcasting
 * Level 3.0 Conjurations
 * Level 4.4 Fire Magic
 * Level 2.4 Ice Magic
 - Level 1.0 Invocations


You had 7 spell levels left.
You knew the following spells:

 Your Spells              Type           Power      Damage    Failure   Level
z - Foxfire               Conj/Fire      36%        2x1d5     12%         1
X - Frozen Ramparts       Ice            14%        1d3       52%         3

Your spell library contained the following spells:

 Spells                   Type           Power      Damage    Failure   Level
 Ignite Poison            Fire/Tmut/Pois 4%         N/A       67%         3
 Ice Form                 Ice/Tmut       4%         N/A       98%         4
 Summon Ice Beast         Ice/Summ       4%         N/A       98%         4

Inventory:

Hand Weapons
 a - a +0 long sword
 h - a +0 sling (weapon)
Missiles
 q - 7 poisoned darts
Armour
 d - a +0 pair of boots (worn)
 j - a +0 leather armour
 t - a +2 ring mail of fire resistance (worn)
Jewellery
 v - a ring of see invisible (left hand)
Scrolls
 b - a scroll of fog
 c - 2 scrolls of teleportation {@r4}
 f - 2 scrolls of magic mapping {unknown}
 k - a scroll of blinking {unknown}
 l - 2 scrolls of identify {unknown}
 o - a scroll of enchant armour {unknown}
 p - a scroll of immolation {unknown}
 s - a scroll of butterflies {unknown}
 w - a scroll of silence {unknown}
 x - a scroll of enchant weapon {unknown}
 y - a scroll of fear {unknown}
Potions
 e - a potion of resistance {unknown}
 i - a potion of degeneration {!q}
 m - 3 potions of attraction {!q}
 r - a potion of mutation {unknown}
 u - a potion of lignification {unknown}

Dungeon Overview and Level Annotations

Branches:
Dungeon (4/15)
 Temple: D:4-7

Altars:
Kikubaaqudgha
Trog
Uskayaw
Xom

##### #####.#.#
#.....#.# #.###.#.# #Z#
#...# ###.# ###.#
▒▒▒▒▒▒▒▒▒ #<#.#
#.##8▒▒⚑▒.▒.▒ #.#.#
#...▒▒▒'▒'▒'▒+▒+▒+
#...#
#...)'@z...)......
#####
#...▒▒▒'▒'▒'▒+▒+▒+
#...8▒▒.▒.▒.▒
#...▒▒▒▒▒▒▒▒▒▒▒▒
#......# #...# ####
#......# #...# #...
#......# ##...### #...
#......####......###...
##........)......'.'...


You could see a wight.


Message History

You feel attractive to monsters.
The foxfire hits the wight but does no damage.
The wight barely misses you.
Unknown command.
You aren't carrying any items that you can evoke.
Unknown command.
Throw: throwing net {=f}
Press: ? - help, Q - select action, (/) - cycle Shift-Dir - straight line, f/p - wight
Aim: a wight, wielding a +0 falchion and wearing a +0 robe (ally target, 56% to hit)
You throw a throwing net {=f}. The throwing net {=f} hits the wight.
The wight is caught in the net!
The wight struggles against the net.
Your foxfire dissipates!
The wight struggles against the net.
The wight is attracted toward you. The wight attacks as you move away!
The wight hits you with a +0 falchion.
* * * LOW HITPOINT WARNING * * *
You feel drained.
* * * LOW HITPOINT WARNING * * *
Okay, then.
It was a potion of degeneration.
There was something very wrong with that liquid.
You feel weakened.
You feel dopey.
You feel clumsy. The wight barely misses you.
Unknown command.
It was a potion of flight.
You feel very buoyant.
You fly up into the air.
The wight hits you with a +0 falchion.
* * * LOW HITPOINT WARNING * * *
You feel drained.
You die...

Skill      XL: |  1  2  3  4  5  6  7 |
---------------+----------------------+-----
Conjurations   | 1 2 3 |  3.0
Ranged Weapons | 1 2 |  2.7
Spellcasting   | 2 |  2.9
Stealth        | 1 |  1.9
Ice Magic      | 1 2 |  2.4
Fire Magic     | 4 |  4.4
Armour         | |  5.0
Invocations    | |  1.0

Action                     |  1- 3 |  4- 6 |  7- 9 || total
---------------------------+-------+-------+-------++-------
  Melee: Long sword        |     9 |       |       ||     9
   Fire: Sling             |    63 |    76 |    49 ||   188
  Throw: Throwing net      |       |       |     1 ||     1
   Cast: Foxfire           |    46 |    96 |    15 ||   157
    Use: Potion            |     1 |       |     3 ||     4
 Armour: Leather armour    |    19 |     4 |       ||    23
         Ring mail         |       |    26 |    22 ||    48
  Dodge: Dodged            |    61 |    25 |    25 ||   111

Levels and vault maps discovered:
D:1:      lemuel_arrival_muddy, layout_rooms
D:2:      layout_loops_ring, ebering_ecumenical_altar_rust,
          roderic_nine_men_s_morris
D:3:      layout_rooms, nicolae_uskayaw_dance_hall, trog_three_pillars_becter,
          mainiacjoe_overflow_boulevard, guppyfry_early_lair_pool
D:4:      layout_basic, lemuel_mausoleum_altar_kikubaaqudgha

Notes
Turn   | Place    | Note
-------+----------+-------------------------------------------
     0 | D:1      | Jeffwins the Human Wanderer began the quest for the Orb.
     0 | D:1      | Jeffwins set off with the following items: a +0 club, a
                  | scroll of fog, a scroll of teleportation {@r4}, a +0 chain
                  | mail; and the following spell memorised: Foxfire; and the
                  | following spells available to memorise: Ignite Poison.
     0 | D:1      | Reached XP level 1. HP: 13/13 MP: 2/2
   245 | D:1      | Reached XP level 2. HP: 19/19 MP: 0/3
   464 | D:1      | Reached skill level 1 in Conjurations
   772 | D:2      | Found a faded altar of an unknown god.
   826 | D:2      | Reached XP level 3. HP: 24/24 MP: 0/5
  1210 | D:2      | Learned a level 3 spell: Frozen Ramparts
  1604 | D:3      | Found a shimmering altar of Xom.
  1740 | D:3      | Reached XP level 4. HP: 30/30 MP: 3/6
  1804 | D:3      | Reached skill level 1 in Ranged Weapons
  1879 | D:3      | Reached skill level 2 in Spellcasting
  1980 | D:3      | Reached skill level 1 in Stealth
  1980 | D:3      | Reached skill level 1 in Ice Magic
  1980 | D:3      | Reached XP level 5. HP: 21/35 MP: 5/8
  2123 | D:3      | Reached skill level 2 in Conjurations
  2233 | D:3      | Found a hide-covered altar of Uskayaw.
  2411 | D:3      | Found a bloodstained altar of Trog.
  2657 | D:4      | Noticed a phantom
  2775 | D:4      | Found an ancient bone altar of Kikubaaqudgha.
  2900 | D:4      | Killed a phantom
  2901 | D:4      | Reached skill level 2 in Ranged Weapons
  2901 | D:4      | Reached XP level 6. HP: 41/41 MP: 1/9
  3001 | D:4      | Reached skill level 4 in Fire Magic
  3194 | D:4      | Reached skill level 2 in Ice Magic
  3521 | D:4      | Reached XP level 7. HP: 33/46 MP: 7/11
  3816 | D:4      | Reached skill level 3 in Conjurations
  3930 | D:4      | HP: 1/43 [wight/+0 falchion (5)]
  3930 | D:4      | Slain by a wight

Vanquished Creatures
  2 phantoms (D:4)
  A scorpion (D:4)
  A wight (D:4)
  A human zombie (D:4)
  A scorpion zombie (D:4)
  2 orc wizards (D:3)
  A hound zombie (D:4)
  A mummy (D:4)
  5 adders
  2 worms
  3 dart slugs
  8 orcs
  3 endoplasms
  3 giant cockroaches
  7 goblins
  9 hobgoblins
  3 jackals
  3 quokkas
  4 ball pythons
  4 frilled lizards
  9 kobolds
  2 rats
75 creatures vanquished.

Vanquished Creatures (collateral kills)
  A foxfire (D:3)
1 creature vanquished.

Vanquished Creatures (others)
  273 foxfires
  7 plants (D:3)
280 creatures vanquished.

Grand Total: 356 creatures vanquished

Table legend: (Time is in decaauts)
 A = Elapsed time spent in this place.
 B = Non-inter-level travel time spent in this place.
 C = Inter-level travel time spent in this place.
 D = Time resting spent in this place.
 E = Time spent auto-exploring this place.
 F = Levels seen in this place.
 G = Mean time per level.
                   A        B        C        D        E       F      G
               +--------+--------+--------+--------+--------+-----+--------+
         Total |   4006 |   3861 |    145 |     90 |   2964 |   4 | 1001.5 |
       Dungeon |   4006 |   3861 |    145 |     90 |   2964 |   4 | 1001.5 |
               +--------+--------+--------+--------+--------+-----+--------+

Top non-repeatable levels by time:
     D:4: 1260 daAuts
     D:3: 1061 daAuts
     D:2: 901 daAuts
     D:1: 783 daAuts

Table legend:
 A = Non-vault XP
 B = Vault XP
 C = Vault XP percentage of total XP
 D = Non-vault monster count
 E = Vault monster count
 F = Vault count percentage of total count
                 A         B        C        D         E       F
            +---------+---------+-------+---------+---------+-------
      Total |     547 |     190 |  25.8 |      70 |       5 |   6.7
            +---------+---------+-------+---------+---------+-------
        D:1 |      22 |       0 |   0.0 |      12 |       0 |   0.0
        D:2 |      30 |       0 |   0.0 |      15 |       0 |   0.0
        D:3 |     150 |       0 |   0.0 |      18 |       0 |   0.0
        D:4 |     345 |     190 |  35.5 |      25 |       5 |  16.7
            +---------+---------+-------+---------+---------+-------
